 Dungeon Crawl Stone Soup version 0.31-a0-521-gc7390f8997 (webtiles) character file.

Game seed: 904131505244869704

8 MisterAzrael the Trooper (level 2, -1/24 (27) HPs)
             Began as a Hill Orc Fighter on Aug 10, 2023.
             Slain by Jessica
             ... wielding a +0 dagger of draining
              (3 damage)
             ... on level 2 of the Dungeon.
             The game lasted 00:00:37 (689 turns).

MisterAzrael the Trooper (Hill Orc Fighter)          Turns: 689, Time: 00:00:38

HP:   -1/24 (27)    AC: 10    Str: 18    XL:     2   Next: 8%
MP:   2/2           EV:  7    Int:  8    God:
Gold: 55            SH:  4    Dex: 10    Spells: 1/1 levels left

rFire   + . .        a - +0 war axe
rCold   + . .        c - +0 buckler
rNeg    . . .        l - +1 chain mail {Will+}
rPois   +            (no helmet)
rElec   .            n - scarf {rC+ rF+}
rCorr   .            (no gloves)
SInv    .            (no boots)
Will    +....        (no amulet) Stlth
                     j - ring of poison resistance
HPRegen 0.24/turn    (no ring)
MPRegen 0.08/turn

%: no passive effects
@: heavily drained
A: no striking features
a: no special abilities


You were on level 2 of the Dungeon.
You visited 1 branch of the dungeon, and saw 2 of its levels.

You collected 55 gold pieces.

Inventory:

Hand Weapons
 a - a +0 war axe (weapon)
Missiles
 p - 2 poisoned darts
Armour
 b - a +0 scale mail
 c - a +0 buckler (worn)
 l - a +1 chain mail of willpower (worn)
 n - a scarf of resistance (worn)
Jewellery
 g - a +6 ring of intelligence
 j - a ring of poison resistance (left hand)
Scrolls
 e - 2 scrolls of identify {unknown}
 i - a scroll of fear {unknown}
 o - a scroll of enchant weapon {unknown}
Potions
 d - a potion of might
 f - 2 potions of enlightenment {unknown}
 h - a potion of haste {unknown}
 k - 2 potions of brilliance {unknown}
 m - a potion of lignification {unknown}


   Skills:
 + Level 3.8 Fighting
 + Level 3.0 Axes
 + Level 3.4 Armour
 + Level 3.4 Shields


You had one spell level left.
You didn't know any spells.
Your spell library contained the following spells:

 Spells                   Type           Power      Damage    Failure   Level
 Fireball                 Conj/Fire      0%         3d3       100%        5
 Iskenderun's Battlesphe  Conj           0%         2d6       100%        5
 Conjure Ball Lightning   Conj/Air       0%         3x3d6     100%        6
 Orb of Destruction       Conj           0%         9d5       100%        7


Dungeon Overview and Level Annotations

Branches:
Dungeon (2/15)

Altars:

Annotations:
D:2 Jessica


Message History

Jessica is nearby!
Jessica is nearby!
A goblin comes into view. It is wielding a +0 dagger.
Found a scroll labelled YSAEZO KIDGH.
The goblin shouts!
Jessica barely misses you.
You hit Jessica.
Jessica is moderately wounded.
A giant cockroach comes into view.
Jessica gestures wildly while chanting.
Jessica blinks!
Jessica gestures wildly.
Jessica closely misses you.
You hit Jessica.
Jessica is heavily wounded.
Jessica hits you but does no damage.
You feel drained.
You hit Jessica but do no damage.
Jessica is heavily wounded.
Jessica points at you and mumbles some strange words.
Pain shoots through your body! Jessica hits you but does no damage.
You feel drained.
You barely miss Jessica.
Jessica is heavily wounded.
Jessica gestures wildly while chanting.
Jessica seems to speed up.
You barely miss Jessica.
Jessica is heavily wounded.
You closely miss the goblin.
Jessica hits you with a +0 dagger of draining.
You feel drained. The goblin hits you but does no damage.
Jessica points at you and mumbles some strange words.
Pain shoots through your body!
Ouch! That really hurt!
* * * LOW HITPOINT WARNING * * *
You are too injured to fight recklessly!
You hit Jessica.
Jessica is almost dead.
You closely miss the goblin. You barely miss the giant cockroach.
Jessica hits you with a +0 dagger of draining.
You die...

###########..
###...<........
#...@@g.....##.
#)#..B.........
#...#####.#..
#.... ..? #.#.#
.B ..... .
###... #.#.


You could see Jessica (fast), a giant cockroach and a goblin.

Vanquished Creatures
  2 bats (D:1)
  An endoplasm (D:1)
  2 hobgoblins (D:1)
  A kobold (D:1)
  A frilled lizard (D:1)
7 creatures vanquished.

Notes
Turn   | Place    | Note
-------+----------+-------------------------------------------
     0 | D:1      | MisterAzrael the Hill Orc Fighter began the quest for the
                  | Orb.
     0 | D:1      | Reached XP level 1. HP: 19/19 MP: 1/1
   242 | D:1      | Reached XP level 2. HP: 27/27 MP: 2/2
   680 | D:2      | Noticed Jessica
   689 | D:2      | Slain by Jessica

Illustrated notes

Levels and vault maps discovered:
D:1:      doesnt_arrival_eight_statues, layout_basic, kennysheep_small_spiral
D:2:      layout_loops_ring, basic_altar, uniq_jessica

Skill      XL: |  1 |
---------------+----+-----
Axes           | 3 |  3.0
Fighting       | |  3.8
Armour         | |  3.4
Shields        | |  3.4

Action                     || total
---------------------------++-------
  Melee: War axe           ||    27
 Armour: Scale mail        ||     3
         Chain mail        ||     4
  Dodge: Dodged            ||    10
  Block: Buckler           ||     6

Table legend: (Time is in decaauts)
 A = Elapsed time spent in this place.
 B = Non-inter-level travel time spent in this place.
 C = Inter-level travel time spent in this place.
 D = Time resting spent in this place.
 E = Time spent auto-exploring this place.
 F = Levels seen in this place.
 G = Mean time per level.
                   A        B        C        D        E       F      G
               +--------+--------+--------+--------+--------+-----+--------+
         Total |    699 |    673 |     26 |      0 |    550 |   2 |  349.5 |
       Dungeon |    699 |    673 |     26 |      0 |    550 |   2 |  349.5 |
               +--------+--------+--------+--------+--------+-----+--------+

Top non-repeatable levels by time:
     D:1: 688 daAuts
     D:2: 10 daAuts
